 Dungeon Crawl Stone Soup version 0.23.0 (webtiles) character file.

Game seed: 4300123293195003111

70 MeBeSleepy the Shield-Bearer (level 4, -5/40 HPs)
             Began as a Minotaur Fighter on Feb 8, 2019.
             Slain by a gnoll (6 damage)
             ... on level 4 of the Dungeon.
             The game lasted 00:06:31 (847 turns).

MeBeSleepy the Shield-Bearer (Minotaur Fighter)      Turns: 847, Time: 00:06:32

Health: -5/40      AC:  8    Str: 20    XL:     4   Next: 4%
Magic:  3/3        EV:  7    Int:  5    God:
Gold:   68         SH:  9    Dex: 11    Spells: 3/3 levels left

rFire    . . .     SeeInvis .   a - +1 war axe
rCold    . . .     Gourm    .   c - +0 shield
rNeg     . . .     Faith    .   b - +0 scale mail
rPois    .         Spirit   .   (helmet restricted)
rElec    .         Reflect  .   (no cloak)
rCorr    .         Harm     .   h - +0 pair of gloves
MR       .....                  (no boots)
Stlth    ..........             (no amulet)
HPRegen  0.13/turn              (no ring)
MPRegen  0.08/turn              (no ring)

@: no status effects
A: retaliatory headbutt, horns 2
a: no special abilities


You were on level 4 of the Dungeon.
You were not hungry.

You visited 1 branch of the dungeon, and saw 3 of its levels.

You collected 68 gold pieces.

Inventory:

Hand Weapons
 a - a +1 war axe (weapon)
 j - a +0 falchion
Armour
 b - a +0 scale mail (worn)
 c - a +0 shield (worn)
 h - a +0 pair of gloves (worn)
Scrolls
 e - a scroll of amnesia {unknown}
 i - a scroll of teleportation {unknown}
 k - a scroll of remove curse
Potions
 d - a potion of might
 g - a potion of curing {unknown}
 l - a potion of berserk rage {unknown}
Comestibles
 f - a ration


   Skills:
 + Level 4.2 Fighting
 + Level 3.4 Axes
 + Level 4.2 Armour
 + Level 0.3 Dodging
 + Level 4.3 Shields


You had 3 spell levels left.
You didn't know any spells.
Your spell library was empty.

Dungeon Overview and Level Annotations

Branches:
Dungeon (2/15)

Altars:
Ashenzari
Dithmenos

Annotations:
D:4 Blork the orc


Innate Abilities, Weirdness & Mutations

You reflexively headbutt those who attack you in melee.
You have a pair of horns on your head.


Message History

Blork the orc hits you but does no damage.
You slash Blork the orc!
Blork the orc is almost dead.
You closely miss the worker ant. The worker ant bites you.
* * * LOW HITPOINT WARNING * * *
You block Blork the orc's attack. You block the worker ant's attack.
The gnoll hits you but does no damage.
Unknown command.
You barely miss the worker ant.
The worker ant is severely wounded.
Your shield and scale mail prevent you from hitting the gnoll.
You closely miss Blork the orc. Blork the orc casts a spell at you.
The magic dart hits you.
* * * LOW HITPOINT WARNING * * *
The worker ant bites you but does no damage.
Blork the orc hits you with a +0 hand axe.
* * * LOW HITPOINT WARNING * * *
The gnoll hits you.
You die...

#. ..... ....
.#.# ...# ....
..... ..###..# .
.....# #..#..# ..
.....##.....##...
o...............
#aog......#
#@.._...#
#.........#
................
.....##.....##...
#....# #..#..# .#
..... ..###..# .
#..# ...# ....
### ..... ....


You could see Blork the orc, a worker ant and a gnoll.

Vanquished Creatures
  An orc priest (D:4)
  An adder (D:2)
  A worm (D:2)
  A leopard gecko (D:2)
  5 orcs (D:4)
  2 bats (D:2)
  A giant cockroach (D:2)
  3 goblins (D:1)
  A hobgoblin (D:2)
  2 jackals (D:1)
  4 frilled lizards
  2 rats
24 creatures vanquished.

Notes
Turn   | Place    | Note
-------+----------+-------------------------------------------
     0 | D:1      | MeBeSleepy the Minotaur Fighter began the quest for the
                  | Orb.
     0 | D:1      | Reached XP level 1. HP: 19/19 MP: 0/0
   303 | D:1      | Reached XP level 2. HP: 23/27 MP: 1/1
   823 | D:2      | Reached XP level 3. HP: 28/33 MP: 2/2
   828 | D:2      | Found a shattered altar of Ashenzari.
   829 | D:2      | You fall through a shaft for 2 floors!
   829 | D:4      | Found a shadowy altar of Dithmenos.
   830 | D:4      | Noticed Blork the orc
   843 | D:4      | Reached XP level 4. HP: 9/40 MP: 3/3
   847 | D:4      | HP: 2/40 [Blork the orc/magic dart (2)]
   847 | D:4      | Slain by a gnoll

Skill      XL: |  1  2  3 |
---------------+----------+-----
Armour         | 4 |  4.2
Shields        | 4 |  4.3
Fighting       | 4 |  4.2
Axes           | 3 |  3.4
Dodging        | |  0.3

Action                   |  1- 3 |  4- 6 || total
-------------------------+-------+-------++-------
Melee: War axe           |    46 |     4 ||    50
       Headbutt          |     4 |     1 ||     5
  Use: Scroll            |     3 |       ||     3
Armor: Scale mail        |    28 |     6 ||    34
Dodge: Dodged            |    17 |     3 ||    20
Block: Shield            |    35 |     9 ||    44
